 Dungeon Crawl Stone Soup version 0.30.1-11-g7821555f0a (webtiles) character file.

Game seed: 4797791216817829913

2 SacredBeard the Grave Robber (level 1, 0/13 HPs)
             Began as a Demonspawn Necromancer on Nov 4, 2023.
             Slain by a jackal (2 damage)
             ... on level 1 of the Dungeon.
             The game lasted 00:01:09 (87 turns).

SacredBeard the Grave Robber (Demonspawn Necromancer) Turns: 87, Time: 00:01:09

Health: 0/13       AC:  2    Str:  8    XL:     1   Next: 33%
Magic:  3/3        EV: 12    Int: 16    God:
Gold:   10         SH:  0    Dex: 13    Spells: 3/4 levels left

rFire   . . .        e - +0 dagger
rCold   . . .        (no shield)
rNeg    . . .        a - +0 robe
rPois   .            (no helmet)
rElec   .            d - scarf {repulsion}
rCorr   .            (no gloves)
SInv    .            (no boots)
Will    .....        (no amulet)
Stlth   ++           (no ring)
HPRegen 0.22/turn    (no ring)
MPRegen 0.08/turn

%: repel missiles
@: no status effects
A: no striking features
a: no special abilities


You were on level 1 of the Dungeon.
You visited 1 branch of the dungeon, and saw 1 of its levels.

You collected 10 gold pieces.

Inventory:

Hand Weapons
 e - a +0 dagger (weapon)
Armour
 a - a +0 robe (worn)
 d - a scarf of repulsion (worn)
Scrolls
 c - a scroll of poison {unknown}
Potions
 b - a potion of magic


   Skills:
 + Level 0.0 Fighting
 + Level 0.0 Armour
 + Level 1.8 Dodging
 + Level 1.9 Stealth
 + Level 2.0 Spellcasting
 * Level 4.4 Necromancy


You had 3 spell levels left.
You knew the following spells:

 Your Spells              Type           Power      Damage    Failure   Level
a - Necrotise             Necr           60%        1d7       3%          1

Your spell library contained the following spells:

 Spells                   Type           Power      Damage    Failure   Level
 Vampiric Draining        Necr           15%        2d7       10%         3
 Animate Dead             Necr           15%        N/A       32%         4
 Agony                    Necr           15%        N/A       67%         5


Dungeon Overview and Level Annotations

Branches:
Dungeon (1/15) Zot: 5912

Altars:


Message History

The jackal barely misses your goblin skeleton.
Your goblin skeleton hits the jackal.
The kobold hits your goblin skeleton with a +0 short sword.
Your goblin skeleton is destroyed!
You finish putting on your scarf of repulsion.
You are surrounded by a repulsion field.
The jackal closely misses you. The jackal attacks as you move away!
The jackal bites you but does no damage. x2
The quokka twitches its whiskers.
The jackal bites you. x2
You completely miss the jackal. The jackal barely misses you.
The jackal bites you.
You hit the jackal but do no damage. The jackal bites you.
You barely miss the jackal. The jackal barely misses you.
You hit the jackal but do no damage. The jackal closely misses you.
The jackal misses you.
You hit the jackal.
The jackal is heavily wounded.
The jackal bites you. The jackal bites you.
A dart slug comes into view.
The dart slug closely misses you.
You see here a +0 dagger.
e - a +0 dagger (weapon)
The jackal closely misses you.
You closely miss the jackal.
The jackal is moderately wounded.
The jackal closely misses you.
You hit the jackal.
The jackal is severely wounded.
The jackal bites you. The jackal misses you. The dart slug barely misses you.
You closely miss the jackal.
The jackal is heavily wounded.
The jackal bites you.
* * * LOW HITPOINT WARNING * * *
You barely miss the jackal.
The jackal is heavily wounded.
The jackal bites you.
You die...

#.....###..#
####.#.###
##...
.....#..##
###....
.....##..#
#...
.......##.##
#... ..
...##..###
...## #
#..##...#..#
###..####...#
#...r@hh...##
#...w##r####
..(....##.#
........#r#
..........##
......##...#
........##.#
....###. ...
#. ##..#


You could see a dart slug, a quokka, 2 jackals and a rat.

Vanquished Creatures
  An endoplasm (D:1)
  A goblin (D:1)
2 creatures vanquished.

Notes
Turn   | Place    | Note
-------+----------+-------------------------------------------
     0 | D:1      | SacredBeard the Demonspawn Necromancer began the quest for
                  | the Orb.
     0 | D:1      | Reached XP level 1. HP: 13/13 MP: 3/3
    87 | D:1      | Slain by a jackal

Illustrated notes

Levels and vault maps discovered:
D:1:      dpeg_arrival_arbitrary_b, layout_basic, serial_shops,
          nicolae_shop_trees

Action                     || total
---------------------------++-------
  Melee: Unarmed           ||     5
         Dagger            ||     4
   Cast: Necrotise         ||     3
 Armour: Robe              ||     2
  Dodge: Dodged            ||    11
